 Dungeon Crawl Stone Soup version 0.30-a0-959-g3818848631 (webtiles) character file.

Game seed: 17397362319479758427

214 CryoSword the Gusty (level 5, 0/29 HPs)
             Began as a Tengu Air Elementalist on Mar 29, 2023.
             Killed from afar by Natasha (5 damage)
             ... with a puff of flame
             ... on level 3 of the Dungeon.
             The game lasted 00:05:46 (3710 turns).

CryoSword the Gusty (Tengu Air Elementalist)        Turns: 3710, Time: 00:05:47

Health: 0/29       AC:  3    Str: 14    XL:     5   Next: 91%
Magic:  6/9        EV: 14    Int: 17    God:
Gold:   107        SH:  5    Dex: 15    Spells: 2/8 levels left

rFire   . . .      SeeInvis .    q - +0 long sword
rCold   . . .      Faith    .    (no shield)
rNeg    . . .      Spirit   .    a - +0 robe
rPois   .          Reflect  +    g - +1 hat
rElec   .          Rampage  .    (no cloak)
rCorr   .                        (no gloves)
Will    .....                    (boots unavailable)
Stlth   ++                       f - amulet of reflection
HPRegen 0.24/turn                m - +6 ring of strength
MPRegen 0.11/turn                (no ring)

@: flying quickly and evasively, quick
A: beak, talons 3, nimble flight
a: no special abilities


You were on level 3 of the Dungeon.
You visited 1 branch of the dungeon, and saw 3 of its levels.

You collected 207 gold pieces.
You spent 100 gold pieces at shops.

Inventory:

Hand Weapons
 q - a +0 long sword (weapon)
   (You found it on level 2 of the Dungeon)
Missiles
 v - 2 poisoned darts
Armour
 a - a +0 robe (worn)
 g - a +1 hat (worn)
   (You found it on level 1 of the Dungeon)
Jewellery
 d - a ring of ice
   (You found it on level 1 of the Dungeon)
 f - an amulet of reflection (around neck)
   (You found it on level 1 of the Dungeon)
 m - a +6 ring of strength (left hand)
   (You found it on level 2 of the Dungeon)
 r - an amulet of regeneration
   (You found it on level 2 of the Dungeon)
Wands
 t - a wand of flame (20)
   (You took it off Ijyb on level 3 of the Dungeon)
Scrolls
 c - 2 scrolls of magic mapping {unknown}
 j - 3 scrolls of amnesia {unknown}
 l - 3 scrolls of identify {@r1}
 n - 2 scrolls of teleportation {@r4}
 u - a scroll of enchant weapon {unknown}
Potions
 b - 2 potions of magic
 e - 2 potions of brilliance
 h - a potion of might
 k - 2 potions of attraction {!q}
 o - a potion of curing {unknown}
 p - 2 potions of degeneration {unknown}
 s - 2 potions of resistance {unknown}
 w - a potion of ambrosia {unknown}


   Skills:
 + Level 1.1 Fighting
 + Level 1.1 Long Blades
 - Level 2.1 Dodging
 - Level 2.0 Stealth
 + Level 2.0 Spellcasting
 * Level 5.0 Conjurations
 * Level 6.2 Air Magic


You had 2 spell levels left.
You knew the following spells:

 Your Spells              Type           Power      Damage    Failure   Level
a - Shock                 Conj/Air       80%        1d8       1%          1
b - Static Discharge      Conj/Air       40%        2-4/arc   3%          2
S - Swiftness             Air            23%        N/A       4%          3

Your spell library contained the following spells:

 Spells                   Type           Power      Damage    Failure   Level
 Airstrike                Air            11%        2d(2-18)  14%         4
 Call Canine Familiar     Summ           1%         N/A       50%         3
 Portal Projectile        Hex/Tloc       2%         N/A       50%         3
 Leda's Liquefaction      Hex/Erth       0%         N/A       88%         4


Dungeon Overview and Level Annotations

Branches:
Dungeon (3/15)

Altars:

Shops:
D:1 ?

Annotations:
D:3 Natasha


Innate Abilities, Weirdness & Mutations

You have a beak for a mouth.
You have claws for feet.
Your magical nature lets you fly swiftly and evasively.


Message History

You now have 107 gold pieces (gained 14).
There is an open door here.
There is an open door here.
Could not explore, unopened door.
You reach down and open the door.
There is an open door here.
An orc comes into view. It is wielding a +0 hand axe.
An orc is nearby!
An orc is nearby!
The orc closely misses you.
You hit the orc. Your kick misses the orc. You block the orc's attack.
You closely miss the orc. You claw the orc. The orc misses you.
You closely miss the orc. You claw the orc, but do no damage.
You peck the orc, but do no damage. The orc hits you with a +0 hand axe. x2
You hit the orc.
You kill the orc!
No target in view!
Things that are here:
a +0 hand axe; an orc corpse A dart slug comes into view.
A dart slug is nearby!
A dart slug is nearby!
Aim: a dart slug (asleep, 100% to hit)
The zap hits the dart slug.
The dart slug launches a dart at you. The slug dart hits you.
Aim: a dart slug (lightly wounded, 100% to hit)
The zap hits the dart slug.
The dart slug launches a dart at you. The slug dart misses you.
Aim: a dart slug (moderately wounded, 100% to hit)
The zap hits the dart slug.
The dart slug launches a dart at you. The slug dart misses you.
Aim: a dart slug (severely wounded, 100% to hit)
The zap hits the dart slug!
You kill the dart slug!
v - 2 poisoned darts
w - a silvery potion Could not explore, unopened door.
You reach down and open the door.
There is an open door here.
Could not explore, unopened door.
Could not explore, unopened door.
You reach down and open the door.
A worm comes into view.
A worm is nearby!
Found a murky coppery potion.
Aim: a worm (90% to hit)
The zap hits the worm!
Aim: a worm (moderately wounded, 90% to hit)
The zap hits the worm.
Aim: a worm (severely wounded, 90% to hit)
The zap hits the worm!
You kill the worm!
Your Fighting skill increases to level 1!
Your Long Blades skill increases to level 1!
You can't see any susceptible monsters within range! (Use Z to cast anyway.) Unknown command.
Unknown command.
Okay, then.
s - 2 murky coppery potions (gained 1) 2 jackals come into view.
The jackal barks!
A jackal comes into view.
There are monsters nearby!
There are monsters nearby!
The zap misses the jackal.
The zap hits the jackal.
The zap hits the jackal. x2
You kill the jackal!
The zap misses the jackal.
The jackal closely misses you.
The zap hits the jackal!
You kill the jackal!
The zap misses the jackal.
You slash the jackal!
You kill the jackal!
No target in view!
There is an open door here.
Done exploring.
Done exploring.
Done exploring.
Done exploring.
Done exploring.
Done exploring.
Done exploring.
Things that are here:
a +0 hand axe; an orc skeleton Natasha, Servant of Life and Death comes into view.
Aim: Natasha (wandering, hasn't noticed you, 64% to hit)
The zap hits Natasha.
Natasha hisses angrily.
Aim: Natasha (lightly wounded, 64% to hit)
The zap hits Natasha.
Aim: Natasha (heavily wounded, 64% to hit)
The zap hits Natasha!
Aim: Natasha (almost dead, 64% to hit)
The zap hits Natasha.
You kill Natasha!
Natasha yowls pathetically as she dies!
You can't see any susceptible monsters within range! (Use Z to cast anyway.) Unknown command.
Unknown command.
Level map cleared.
There is a stone staircase leading up here.
Things that are here:
a +1 chain mail of willpower; a +0 dagger A jackal comes into view.
A jackal is nearby!
A jackal is nearby!
Aim: a jackal (wandering, hasn't noticed you, 64% to hit)
The zap hits the jackal!
You kill the jackal!
Your Conjurations skill increases to level 5!
You can't see any susceptible monsters within range! (Use Z to cast anyway.) Unknown command.
You see here a +0 chain mail.
There is a stone staircase leading down here.
Key pressed, stopping explore.
There is an open door here.
There is an open door here.
There is an open door here.
You see here 2 stones.
You see here 5 stones.
Key pressed, stopping explore.
There is an open door here.
There is an open door here.
There is an open door here.
You see here a +0 hand axe.
Natasha, Servant of Life and Death comes into view.
She is carrying a wand of flame (17).
Aim: Natasha, carrying a wand of flame (17) (wandering, hasn't noticed you, 64% to hit)
The zap hits Natasha.
Aim: Natasha, carrying a wand of flame (17) (moderately wounded, 64% to hit)
The zap misses Natasha.
Natasha zaps a wand.
The puff of flame hits you!
The zap hits Natasha but does no damage.
Natasha zaps a wand.
The puff of flame hits you!
* * * LOW HITPOINT WARNING * * *
The zap hits Natasha.
Natasha zaps a wand.
The puff of flame hits you!
* * * LOW HITPOINT WARNING * * *
Okay, then.
As you read the scroll of fog, it crumbles to dust.
The scroll dissolves into smoke.
You see here a +0 hand axe.
Natasha zaps a wand.
The puff of flame hits you.
You die...

**########§# * #§# *********#§#
*,,,,,,,,#§# ,,******,#§#
,,,,,***,#§# #########
,,,*,*,,,#§# #.......# ######
,,,*,*,###§######.......####..(.#
,,,*,*,#.§§h....@..........'....#
,,,,,*,#.#§######.......####....#
,,,,,*,#.#...####.......# #....#
,,,,,*,#.#..............# #....#
,,,,**,#.#.#.#####.###### #....#
,,,,,,,#.#.#.....#.# #....'
,,,,,,,#.#.....<.#.#########....#
,,*,**,#.#.........#.............
,*,,,,,#.#.###.......############


You could see Natasha.

Vanquished Creatures
  Ijyb (D:3)
  Natasha (twice) (D:3)
  Robin (D:2)
  4 adders
  A worm (D:3)
  3 dart slugs (D:3)
  2 orcs (D:3)
  8 endoplasms
  3 giant cockroaches
  12 goblins
  9 hobgoblins
  11 jackals
  2 kobolds
  A quokka (D:1)
  4 ball pythons (D:3)
  2 bats
  3 frilled lizards
  6 rats
75 creatures vanquished.

Notes
Turn   | Place    | Note
-------+----------+-------------------------------------------
     0 | D:1      | CryoSword the Tengu Air Elementalist began the quest for
                  | the Orb.
     0 | D:1      | Reached XP level 1. HP: 10/10 MP: 4/4
   192 | D:1      | Reached XP level 2. HP: 15/15 MP: 3/6
   284 | D:1      | Found Oraiplai's Magic Scroll Shoppe.
   350 | D:1      | Bought a scroll of identify for 20 gold pieces
   350 | D:1      | Bought a scroll of noise for 10 gold pieces
   350 | D:1      | Bought a scroll of fog for 40 gold pieces
   986 | D:2      | Reached XP level 3. HP: 19/19 MP: 5/7
  1107 | D:2      | Noticed Robin
  1165 | D:2      | Killed Robin
  1166 | D:2      | Reached skill level 5 in Air Magic
  1484 | D:1      | Bought a scroll of teleportation for 30 gold pieces
  1533 | D:2      | Reached XP level 4. HP: 24/24 MP: 4/8
  1911 | D:2      | Found a faded altar of an unknown god.
  1971 | D:2      | Learned a level 2 spell: Static Discharge
  1975 | D:2      | Learned a level 3 spell: Swiftness
  2400 | D:3      | Noticed Ijyb
  2413 | D:3      | Killed Ijyb
  2414 | D:3      | Gained mutation: Your magical nature lets you fly swiftly
                  | and evasively. [Tengu growth]
  2414 | D:3      | Reached XP level 5. HP: 28/28 MP: 1/9
  2715 | D:3      | Upgraded the game from 0.30-a0-954-gcf5f444c16 to
                  | 0.30-a0-959-g3818848631
  2797 | D:3      | Noticed Natasha
  2804 | D:3      | Killed Natasha
  2805 | D:3      | Reached skill level 6 in Air Magic
  3043 | D:3      | Reached skill level 1 in Fighting
  3043 | D:3      | Reached skill level 1 in Long Blades
  3238 | D:3      | Noticed Natasha
  3242 | D:3      | Killed Natasha
  3322 | D:3      | Reached skill level 5 in Conjurations
  3691 | D:3      | Noticed Natasha
  3710 | D:3      | Killed from afar by Natasha

Illustrated notes

Levels and vault maps discovered:
D:1:      ebering_trefoil_twist, layout_loops_ring, serial_shops,
          nicolae_shop_temple_entry_statues_fountains
D:2:      layout_rooms, ebering_ecumenical_altar_petrified, uniq_robin
D:3:      layout_basic, uniq_ijyb, uniq_natasha

Skill      XL: |  1  2  3  4  5 |
---------------+----------------+-----
Conjurations   | 2 3 4 5 |  5.0
Air Magic      | 5 6 |  6.2
Fighting       | 1 |  1.1
Long Blades    | 1 |  1.1
Dodging        | |  2.1
Stealth        | |  2.0
Spellcasting   | |  2.0

Action                     |  1- 3 |  4- 6 || total
---------------------------+-------+-------++-------
  Melee: Unarmed           |     6 |       ||     6
         Kick              |     6 |     5 ||    11
         Dagger            |     9 |       ||     9
         Peck              |     1 |     2 ||     3
         Long sword        |       |    11 ||    11
   Cast: Shock             |    76 |    77 ||   153
         Static Discharge  |       |     1 ||     1
    Use: Scroll            |     3 |     1 ||     4
   Stab: Sleeping          |       |     1 ||     1
 Armour: Robe              |    11 |       ||    11
  Dodge: Dodged            |    24 |    10 ||    34
  Block: Other             |    15 |     3 ||    18

Table legend: (Time is in decaauts)
 A = Elapsed time spent in this place.
 B = Non-inter-level travel time spent in this place.
 C = Inter-level travel time spent in this place.
 D = Time resting spent in this place.
 E = Time spent auto-exploring this place.
 F = Levels seen in this place.
 G = Mean time per level.
                   A        B        C        D        E       F      G
               +--------+--------+--------+--------+--------+-----+--------+
         Total |   3638 |   3401 |    237 |      0 |   2943 |   3 | 1212.7 |
       Dungeon |   3638 |   3401 |    237 |      0 |   2943 |   3 | 1212.7 |
               +--------+--------+--------+--------+--------+-----+--------+

Top non-repeatable levels by time:
     D:3: 1500 daAuts
     D:1: 1230 daAuts
     D:2: 908 daAuts
